 Dungeon Crawl Stone Soup version 0.21-a0-525-ga34b322 (webtiles) character file.

522 Amnesiac the Vexing (level 7, -2/48 HPs)
             Began as a Mummy Arcane Marksman on Dec 8, 2017.
             Slain by Pikel
             ... wielding a +1 whip of flaming
              (7 damage)
             ... on level 5 of the Dungeon.
             The game lasted 00:10:35 (4213 turns).

Amnesiac the Vexing (Mummy Arcane Marksman)         Turns: 4213, Time: 00:10:36

Health: -2/48      AC:  9    Str: 15    XL:     7   Next: 1%
Magic:  8/15       EV: 12    Int: 12    God:
Gold:   154        SH:  0    Dex: 13    Spells: 5/16 levels left

rFire    x . .     SeeInvis .   b - +0 hunting sling
rCold    + . .     Gourm    .   (no shield)
rNeg     + + +     Faith    .   o - +3 leather armour
rPois    ∞         Spirit   .   w - +2 hat
rElec    .         Reflect  .   (no cloak)
rCorr    .         Harm     .   l - +0 pair of gloves
MR       .....                  (no boots)
Stlth    +.........             (no amulet)
HPRegen  0.16/turn              (no ring)
MPRegen  0.14/turn              (no ring)

@: no status effects
A: no food or potions, fire vulnerability, cold resistance 1, negative energy
resistance 3, torment resistance, unbreathing
a: no special abilities


You were on level 5 of the Dungeon.
You were not hungry.

You visited 1 branch of the dungeon, and saw 5 of its levels.

You collected 241 gold pieces.
You spent 87 gold pieces at shops.

Inventory:

Hand Weapons
 a - a +0 shortbow
 b - a +0 hunting sling (weapon)
 k - a +0 short sword
 u - a +2 falchion of draining
Missiles
 f - 17 poisoned needles
 m - 125 stones (quivered)
Armour
 l - a +0 pair of gloves (worn)
 o - a +3 leather armour (worn)
 w - a +2 hat (worn)
Wands
 p - a wand of iceblast (6)
Scrolls
 e - a scroll of enchant armour {!r}
 g - 2 scrolls of teleportation {!r}
 h - a scroll of fear {!r}
 i - a scroll of amnesia {!r}
 n - 2 scrolls of fog {!r}
 q - a scroll of enchant weapon {!r}
 r - 3 scrolls of remove curse {!r}
 s - a scroll of magic mapping {!r}
 t - a scroll of identify {!r}
Books
 c - a book of Debilitation

   Spells                             Type                      Level
   a - Corona                         Hexes                        1
   b - Slow                           Hexes                        2
   c - Inner Flame                    Hexes/Fire                   3
   d - Portal Projectile              Hexes/Translocation          3
   e - Cause Fear                     Hexes                        4
   f - Leda's Liquefaction            Hexes/Earth                  4


   Skills:
 - Level 1.0 Fighting
 - Level 1.5 Bows
 - Level 1.9 Armour
 - Level 1.5 Dodging
 + Level 5.4 Spellcasting
 * Level 5.5 Hexes


You had 5 spell levels left.
You knew the following spells:

 Your Spells              Type           Power        Failure   Level  Hunger
a - Corona                Hex            ###....      2%          1    N/A
b - Cause Fear            Hex            ###.......   24%         4    N/A
c - Leda's Liquefaction   Hex/Erth       #.........   58%         4    N/A
e - Slow                  Hex            ###.....     3%          2    N/A

Dungeon Overview and Level Annotations

Branches:
Dungeon (5/15)
 Temple: D:4-7

Altars:
Fedhas
Gozag
Kikubaaqudgha

Shops:
D:4 ?

Annotations:
D:5 Pikel


Innate Abilities, Weirdness & Mutations

You do not eat or drink.
Your flesh is vulnerable to fire.
You are immune to poison.
Your flesh is cold resistant. (rC+)
You are immune to negative energy. (rN+++)
You are immune to unholy pain and torment.
You can survive without breathing.


Message History

Aim: Pikel, wielding a whip of flaming and wearing a robe (almost dead, slow, softly glowing)
You shoot a sling bullet.
The sling bullet hits Pikel but does no damage.
Pikel is almost dead.
Pikel hits you but does no damage.
Firing (i - inventory. (,) - cycle):
j - 4 sling bullets (quivered)
Press: ? - help, Shift-Dir - straight line, f/p - Pikel
Aim: Pikel, wielding a whip of flaming and wearing a robe (almost dead, slow, softly glowing)
You shoot a sling bullet. The sling bullet hits Pikel.
Pikel is almost dead.
Firing (i - inventory. (,) - cycle):
j - 3 sling bullets (quivered)
Press: ? - help, Shift-Dir - straight line, f/p - Pikel
Aim: Pikel, wielding a whip of flaming and wearing a robe (almost dead, slow, softly glowing)
You shoot a sling bullet.
The sling bullet hits Pikel but does no damage.
Pikel is almost dead.
Pikel sighs. "I should capture elves; my bodyguards all look the same!"
Pikel hits you with a whip of flaming.
* * * LOW HITPOINT WARNING * * *
Pikel burns you.
* * * LOW HITPOINT WARNING * * *
Firing (i - inventory. (,) - cycle):
j - 2 sling bullets (quivered)
Press: ? - help, Shift-Dir - straight line, f/p - Pikel
Aim: Pikel, wielding a whip of flaming and wearing a robe (almost dead, slow, softly glowing)
You shoot a sling bullet. The sling bullet barely misses Pikel.
Pikel hits you but does no damage.
Firing (i - inventory. (,) - cycle):
j - a sling bullet (quivered)
Press: ? - help, Shift-Dir - straight line, f/p - Pikel
Aim: Pikel, wielding a whip of flaming and wearing a robe (almost dead, slow, softly glowing)
You shoot a sling bullet. The sling bullet barely misses Pikel.
Pikel completely misses you.
Firing (i - inventory):
m - 130 stones (quivered)
Press: ? - help, Shift-Dir - straight line, f/p - Pikel
Aim: Pikel, wielding a whip of flaming and wearing a robe (almost dead, slow, softly glowing)
You shoot a stone. The stone barely misses Pikel.
Pikel hits you but does no damage.
Firing (i - inventory):
m - 129 stones (quivered)
Press: ? - help, Shift-Dir - straight line, f/p - Pikel
Aim: Pikel, wielding a whip of flaming and wearing a robe (almost dead, slow, softly glowing)
You shoot a stone.
The stone hits Pikel but does no damage.
Pikel is almost dead.
Pikel stops glowing.
Pikel hits you with a whip of flaming.
* * * LOW HITPOINT WARNING * * *
Pikel burns you.
* * * LOW HITPOINT WARNING * * *
Firing (i - inventory):
m - 128 stones (quivered)
Press: ? - help, Shift-Dir - straight line, f/p - Pikel
Aim: Pikel, wielding a whip of flaming and wearing a robe (almost dead, slow)
You shoot a stone. The stone closely misses Pikel.
Pikel hits you but does no damage.
Firing (i - inventory):
m - 127 stones (quivered)
Press: ? - help, Shift-Dir - straight line, f/p - Pikel
Aim: Pikel, wielding a whip of flaming and wearing a robe (almost dead, slow)
You shoot a stone. The stone hits Pikel.
Pikel is almost dead.
Firing (i - inventory):
m - 126 stones (quivered)
Press: ? - help, Shift-Dir - straight line, f/p - Pikel
Aim: Pikel, wielding a whip of flaming and wearing a robe (almost dead, slow)
You shoot a stone. The stone misses Pikel.
Pikel hits you with a whip of flaming!
* * * LOW HITPOINT WARNING * * *
Pikel burns you!
You die...

. . ## # .#. .. #.... #.
#.#.# #. ####.#.# #.#####
#......## #$.Kp[#
#.......## #.@##(# ###
#)......?# #..##(# #..
#.....#<.###..##(# #.####
#.....#.......##.### #....
###..........#..(..###..#
..!###.##...#.....##...####
. .##.
#.#.........(.((...!(##. .
. #.#.......(..##.........
##
.....#.###.(..##...##....


You could see Pikel and a slave.

Vanquished Creatures
  3 slaves (D:5)
  An ogre (D:4)
  A bullfrog zombie (D:5)
  A centaur zombie (D:5)
  An orc priest (D:2)
  A hound (D:3)
  Natasha (thrice) (D:3)
  An orc wizard (D:3)
  A killer bee zombie (D:5)
  A hound zombie (D:5)
  2 worker ant zombies (D:5)
  7 adders
  An ooze (D:3)
  2 adder zombies (D:5)
  3 worms
  4 leopard geckos
  9 orcs
  4 giant cockroaches
  6 goblins
  3 hobgoblins
  2 kobolds
  3 quokkas
  A ball python (D:3)
  7 bats
  6 frilled lizards
  A jackal zombie (D:5)
  2 leopard gecko skeletons (D:5)
  2 quokka skeletons (D:5)
  A quokka zombie (D:5)
  5 rats
85 creatures vanquished.

Notes
Turn   | Place    | Note
-------+----------+-------------------------------------------
     0 | D:1      | Amnesiac the Mummy Arcane Marksman began the quest for the Orb.
     0 | D:1      | Reached XP level 1. HP: 15/15 MP: 2/2
   315 | D:1      | Reached skill level 1 in Armour
  1196 | D:2      | Reached XP level 2. HP: 20/21 MP: 4/4
  1299 | D:2      | Learned a level 2 spell: Slow
  1444 | D:2      | Reached XP level 3. HP: 11/26 MP: 0/5
  2111 | D:2      | Found an opulent altar of Gozag.
  2111 | D:2      | Found an ancient bone altar of Kikubaaqudgha.
  2285 | D:3      | Reached XP level 4. HP: 13/32 MP: 6/9
  2291 | D:3      | Learned a level 4 spell: Cause Fear
  2742 | D:3      | Reached XP level 5. HP: 32/37 MP: 8/10
  2748 | D:3      | Learned a level 4 spell: Leda's Liquefaction
  2777 | D:3      | Noticed Natasha
  2951 | D:3      | Killed Natasha
  3021 | D:3      | Noticed Natasha
  3029 | D:3      | Killed Natasha
  3218 | D:3      | Noticed Natasha
  3235 | D:3      | Killed Natasha
  3281 | D:3      | Reached XP level 6. HP: 36/43 MP: 7/12
  3547 | D:4      | Found a blossoming altar of Fedhas.
  3609 | D:4      | Reached skill level 5 in Hexes
  3631 | D:4      | Found Bakih's Magic Scroll Boutique.
  3641 | D:4      | Bought a scroll of random uselessness for 11 gold pieces
  3644 | D:4      | Bought a scroll of fear for 38 gold pieces
  3644 | D:4      | Bought a scroll of magic mapping for 38 gold pieces
  3820 | D:4      | Reached skill level 5 in Spellcasting
  3854 | D:5      | Entered Level 5 of the Dungeon
  4000 | D:5      | Reached XP level 7. HP: 17/48 MP: 15/15
  4042 | D:5      | Noticed Pikel
  4213 | D:5      | Slain by Pikel

Vault maps used:
D:1:      saegor_arrival_simple_b, chequers_big_river
D:2:      gammafunk_temple_overflow_elements
D:3:      minmay_cut_off, uniq_natasha
D:4:      serial_shops, shop, fedhas_altar_fruit_tree
D:5:      enter_ossuary_4, serial_undead, serial_undead_d, serial_undead_f,
          serial_undead_b, serial_undead_a, serial_undead_e, serial_undead_f,
          first_bread, uniq_pikel, uniq_eustachio

Skill      XL: |  1  2  3  4  5  6 |
---------------+-------------------+-----
Armour         | 1 |  1.9
Spellcasting   | 3 4 5 |  5.4
Hexes          | 3 4 5 |  5.5
Fighting       | |  1.0
Bows           | |  1.5
Dodging        | |  1.5

Action                   |  1- 3 |  4- 6 |  7- 9 || total
-------------------------+-------+-------+-------++-------
 Fire: Hunting sling     |    64 |   197 |    12 ||   273
       Shortbow          |     6 |    34 |    62 ||   102
Throw: Stone             |       |       |     2 ||     2
 Cast: Corona            |    24 |    53 |    10 ||    87
       Slow              |       |    11 |     7 ||    18
  Use: Scroll            |     3 |     3 |       ||     6
Armor: Robe              |     8 |     4 |       ||    12
       Leather armour    |       |    43 |    19 ||    62
Dodge: Dodged            |    19 |    86 |    32 ||   137

Table legend:
 A = Spawn XP
 B = Non-spawn XP
 C = Spawn XP percentage of total XP
 D = Spawn monster count
 E = Non-spawn monster count
 F = Spawn count percentage of total count
 G = Total turns spent on level
                    A         B        C        D         E        F      G
               +---------+---------+-------+---------+---------+-------+---------
         Total |       0 |     746 |   0.0 |       0 |      82 |   0.0 |  4213
               +---------+---------+-------+---------+---------+-------+---------
           D:1 |       0 |       7 |   0.0 |       0 |       4 |   0.0 |   905
           D:2 |       0 |      99 |   0.0 |       0 |      19 |   0.0 |  1557
           D:3 |       0 |     292 |   0.0 |       0 |      34 |   0.0 |   961
           D:4 |       0 |     156 |   0.0 |       0 |      11 |   0.0 |   431
           D:5 |       0 |     192 |   0.0 |       0 |      14 |   0.0 |   359
               +---------+---------+-------+---------+---------+-------+---------
